 Dungeon Crawl Stone Soup version 0.31-a0-949-g57150269e1 (webtiles) character file.

Game seed: 1158003875104643636

28 avis the Caller (level 3, 14/14 HPs)
             Began as a Felid Summoner on Oct 22, 2023.
             Got out of the dungeon alive.
             The game lasted 00:09:44 (1359 turns).

avis the Caller (Felid Summoner)                    Turns: 1359, Time: 00:09:45

Health: 14/14      AC:  1    Str:  4    XL:     3   Next: 0%
Magic:  8/8        EV: 18    Int: 18    God:
Gold:   55         SH:  0    Dex: 22    Spells: 1/7 levels left
                                        Lives:  0   Deaths: 1

rFire   . . .        (weapon unavailable)
rCold   . . .        (shield unavailable)
rNeg    . . .        (body armour unavailable)
rPois   .            (helmet unavailable)
rElec   .            (cloak unavailable)
rCorr   .            (gloves unavailable)
SInv    +            (boots unavailable)
Will    .....        (no amulet)
Stlth   +++          f - +6 ring of dexterity
HPRegen 0.22/turn    (no ring)
MPRegen 0.11/turn

%: no passive effects
@: quick
A: very small, claws 1, fangs 3, see invisible, speed 1, shaggy fur 1, stealthy
paws, no weapons or thrown items, no armour, multi-lived
a: no special abilities


You escaped.
You visited 1 branch of the dungeon, and saw 2 of its levels.

You collected 55 gold pieces.

Inventory:

Jewellery
 f - a +6 ring of dexterity (left paw)
Scrolls
 b - 2 scrolls of identify {unknown}
 c - a scroll of teleportation {unknown}
Potions
 a - 2 potions of magic
 d - a potion of attraction {unknown}
 e - 2 potions of curing {unknown}
 g - a potion of haste {unknown}


   Skills:
 - Level 2.6 Dodging
 - Level 2.6 Stealth
 * Level 2.9 Spellcasting
 + Level 4.3 Summonings


You had one spell level left.
You knew the following spells:

 Your Spells              Type           Power      Damage    Failure   Level
a - Summon Small Mammal   Summ           72%        N/A       2%          1
c - Call Imp              Summ           36%        N/A       4%          2
d - Call Canine Familiar  Summ           18%        N/A       9%          3

Your spell library contained the following spells:

 Spells                   Type           Power      Damage    Failure   Level
 Summon Guardian Golem    Hex/Summ       10%        N/A       21%         3
 Summon Lightning Spire   Summ/Air       10%        N/A       56%         4


Dungeon Overview and Level Annotations

Branches:
Dungeon (2/15)

Altars:

Annotations:
D:1 Jessica


Innate Abilities, Weirdness & Mutations

You have sharp claws.
You have razor-sharp teeth.
You have supernaturally acute eyesight. (SInv)
You cover ground quickly. (Speed+)
You are covered in fur. (AC +1)
Your paws help you pounce on unaware monsters.
You are incapable of wielding weapons or throwing items.
You cannot wear armour.
You gain extra lives every three experience levels.


Message History

b - Call Imp Adjust to which letter? c - Call Imp Done exploring.
There is an open door here.
There is a stone staircase leading down here.
You climb downwards.
Found 7 stones.
There is a stone staircase leading up here.
There is a stone staircase leading up here.
There is a stone staircase leading up here.
You climb upwards.
There is a stone staircase leading down here.
There is an open door here.
There is a stone staircase leading down here.
You climb downwards.
There is a stone staircase leading up here.
You climb upwards.
There is a stone staircase leading down here.
There is a stone staircase leading down here.
You climb downwards.
Found a cloak.
Found a stone staircase leading down.
There is a stone staircase leading up here.
Jessica shouts!
The adder hisses angrily.
An endoplasm comes into view.
Jessica hits you with a +2 spectral club!
Ouch! That really hurt!
The +2 spectral club hits you.
* * * LOW HITPOINT WARNING * * *
You climb upwards.
The +2 spectral club disappears.
There is a stone staircase leading down here.
Jessica gestures at you while chanting. Pain shoots through your body!
Ouch! That really hurt!
You die...
You rejoin the land of the living...
There is an open door here.
There is a staircase leading out of the dungeon here.
You can't go down here!
You have escaped!

##'#.# ##......##.#..... .....#
#.......##.#.##.# .....#
##.########.#.#... .....# #..#
#.#..... .....# ####'####
#.#.#... .....# #.......#
#.#.##.. .....# #.8.8.8.#
#......# .....#
####.......######..##... '##..##
##..'.8.@.8.+.......#....
.##...###..##.......#.####.......
####....#.###.8.8.8.#.#.....#...#
.....##...###.......#.##.#..##.##
#########..#####+####.##.#.......
........................(#.##..##
.###########.###########...#.....
.#.........................#.....
.#.#######.#.#############.#.†...


There were no monsters in sight!

Vanquished Creatures
  A goblin (D:1)
1 creature vanquished.

Vanquished Creatures (collateral kills)
  A dart slug (D:1)
  2 bats (D:1)
  2 giant cockroaches (D:1)
  2 goblins (D:1)
  5 hobgoblins (D:1)
  2 jackals (D:1)
  2 kobolds (D:1)
  6 rats (D:1)
22 creatures vanquished.

Grand Total: 23 creatures vanquished

Notes
Turn   | Place    | Note
-------+----------+-------------------------------------------
     0 | D:1      | avis the Felid Summoner began the quest for the Orb.
     0 | D:1      | Reached XP level 1. HP: 7/7 MP: 4/4
   184 | D:1      | Reached XP level 2. HP: 11/11 MP: 1/6
   232 | D:1      | Learned a level 2 spell: Call Imp
   988 | D:1      | Reached XP level 3. HP: 14/14 MP: 4/8
  1242 | D:1      | Learned a level 3 spell: Call Canine Familiar
  1336 | D:2      | Noticed Jessica
  1340 | D:1      | Killed from afar by Jessica
  1359 | D:$      | Got out of the dungeon alive.

Illustrated notes

Levels and vault maps discovered:
D:1:      doesnt_arrival_eight_statues, layout_basic, minmay_misc_feat_iff,
          hangedman_decor_clover_reticule
D:2:      layout_loops_cross, basic_altar, minmay_curled_crystal,
          chequers_serial_rivers_room_a, uniq_jessica

Action                     || total
---------------------------++-------
  Melee: Unarmed           ||     6
   Cast: Summon Small Mamm ||    27
         Call Imp          ||    10
 Armour: Skin              ||     9
  Dodge: Dodged            ||    14

Table legend: (Time is in decaauts)
 A = Elapsed time spent in this place.
 B = Non-inter-level travel time spent in this place.
 C = Inter-level travel time spent in this place.
 D = Time resting spent in this place.
 E = Time spent auto-exploring this place.
 F = Levels seen in this place.
 G = Mean time per level.
                   A        B        C        D        E       F      G
               +--------+--------+--------+--------+--------+-----+--------+
         Total |   1189 |   1111 |     78 |    239 |    594 |   2 |  594.5 |
       Dungeon |   1189 |   1111 |     78 |    239 |    594 |   2 |  594.5 |
               +--------+--------+--------+--------+--------+-----+--------+

Top non-repeatable levels by time:
     D:1: 1179 daAuts
     D:2: 9 daAuts
